 Dungeon Crawl Stone Soup version 0.29-a0-668-g12ee2bf84d (webtiles) character file.

Game seed: 11138742524594311891

7968 hquester1 the Fighter (level 11, -1/99 HPs)
             Began as a Minotaur Fighter on June 23, 2022.
             Was a Priest of Okawaru.
             Slain by a tengu warrior
             ... wielding a +0 broad axe
              (12 damage)
             ... on level 11 of the Dungeon.
             The game lasted 00:29:46 (9442 turns).

hquester1 the Fighter (Minotaur Fighter)            Turns: 9442, Time: 00:29:47

Health: -1/99      AC: 10    Str: 22    XL:     11   Next: 3%
Magic:  12/12      EV: 23    Int:  5    God:    Okawaru [***...]
Gold:   520        SH:  0    Dex: 13    Spells: 10/10 levels left

rFire   + + .      SeeInvis .   (weapon currently unavailable)
rCold   + + .      Faith    .   (shield currently unavailable)
rNeg    + + +      Spirit   .   (body armour currently unavailable)
rPois   ∞          Reflect  .   (helmet currently unavailable)
rElec   +          Harm     .   (cloak currently unavailable)
rCorr   +          Rampage  .   (gloves currently unavailable)
Will    .....                   (boots currently unavailable)
Stlth   +.........              (amulet currently unavailable)
HPRegen 0.26/turn               (ring currently unavailable)
MPRegen 0.13/turn               (ring currently unavailable)

@: wisp-form, flying
A: insubstantial, flying, no casting, tiny, (horns 2), (retaliatory headbutt)
a: Renounce Religion, Heroism


You were on level 11 of the Dungeon.
You worshipped Okawaru.
Okawaru was most pleased with you.
You were an insubstantial wisp.
You visited 2 branches of the dungeon, and saw 12 of its levels.

You collected 634 gold pieces.
You spent 114 gold pieces at shops.

Inventory:

Hand Weapons
 A - a +4 mace
 B - a +6 war axe of venom (melded)
Armour
 a - a +4 chain mail of fire resistance (melded)
 c - a +0 buckler (melded)
 k - a +2 hat (melded)
 s - a +0 pair of boots (melded)
 F - a +0 pair of gloves (melded)
 J - a +1 cloak (melded)
Jewellery
 e - an amulet of reflection (melded)
 l - a +6 ring of dexterity (melded)
 y - a ring of flight
 C - a +6 ring of strength (melded)
 M - an amulet of faith
 N - an amulet of guardian spirit
Wands
 b - a wand of paralysis (11)
 n - a wand of polymorph (9)
 q - a wand of iceblast (28)
 I - a wand of acid (8)
 L - a wand of mindburst (3)
Scrolls
 f - 2 scrolls of fear
 h - 4 scrolls of teleportation
 i - a scroll of amnesia
 p - 2 scrolls of silence {unknown}
 v - 2 scrolls of poison {unknown}
 x - 2 scrolls of noise
 D - 2 scrolls of blinking
 H - a scroll of summoning {unknown}
Potions
 d - 3 potions of might
 g - 2 potions of invisibility {unknown}
 j - a potion of heal wounds {unknown}
 m - 4 potions of flight
 o - a potion of experience {unknown}
 r - 4 potions of degeneration
 t - 2 potions of magic {unknown}
 u - 3 potions of cancellation
 w - 3 potions of brilliance
 z - 3 potions of attraction {unknown}
 E - 3 potions of ambrosia
 G - 3 potions of curing
 K - a potion of haste {unknown}


   Skills:
 + Level 9.6 Fighting
 + Level 8.1(8.6) Axes
 - Level 4.0(6.5) Maces & Flails
 + Level 9.5 Armour
 + Level 8.0 Dodging
 + Level 9.6 Shields
 + Level 2.8 Invocations
 + Level 2.4 Evocations


You had 10 spell levels left.
You didn't know any spells.
Your spell library contained the following spells:

 Spells                   Type           Power      Damage    Failure   Level
 Static Discharge         Conj/Air       0%         N/A       63%         2
 Conjure Flame            Conj/Fire      0%         6-21      85%         3
 Dazzling Flash           Conj/Hex       0%         N/A       85%         3
 Ignite Poison            Fire/Tmut/Pois 0%         N/A       85%         3
 Mephitic Cloud           Conj/Pois/Air  0%         N/A       85%         3
 Dispel Undead            Necr           0%         3d6       99%         4
 Sticky Flame             Conj/Fire      0%         2d3       99%         4
 Agony                    Necr           0%         N/A       100%        5
 Freezing Cloud           Conj/Ice/Air   0%         6-21      100%        5
 Silence                  Hex/Air        0%         N/A       100%        5
 Summon Small Mammal      Summ           Unusable   N/A       N/A         1
 Call Canine Familiar     Summ           Unusable   N/A       N/A         3
 Summon Guardian Golem    Hex/Summ       Unusable   N/A       N/A         3

Dungeon Overview and Level Annotations

Branches:
Dungeon (11/15)            Temple (1/1) D:7            Lair (0/6) D:10
    Orc: D:9-12

Altars:
Ashenzari
Cheibriados
Dithmenos
Elyvilon
Fedhas
Gozag
Hepliaklqana
Kikubaaqudgha
Makhleb
Nemelex Xobeh
Okawaru
Qazlal
Ru
Sif Muna
Trog
Uskayaw
Vehumet
Wu Jian
Xom
Yredelemnul
Zin
The Shining One

Shops:
D:4 **

Annotations:
D:11 Psyche


Innate Abilities, Weirdness & Mutations

You are an insubstantial wisp.
Your tiny insubstantial body is highly resistant to most damage types.
You are flying.
Your equipment is entirely melded.
You are incapable of wielding weapons or throwing items.
You cannot cast spells.
((You have a pair of horns on your head.))
((You reflexively headbutt those who attack you in melee.))


Message History

Your amulet of reflection melds into your body.
Your +6 war axe of venom stops dripping with poison.
You feel less resistant to fire.
You feel clumsy.
You feel weaker.
The tengu warrior hits you with a +0 broad axe.
The tengu warrior misses you. The tengu warrior barely misses you.
Something hits you but does no damage. Something hits you.
Space warps horribly around you!
You hear some strange, mumbled words.
A swirling arc of seething chaos appears!
An arc of chaos appears from out of thin air!
The arc of chaos hits you but does no damage.
You reach down and open the door.
You hear some strange, mumbled words.
The tengu warrior attacks as you move away!
The tengu warrior closely misses you. The tengu warrior barely misses you.
The tengu warrior claws you but does no damage.
You hear some strange, mumbled words.
There is an open door here.
The tengu warrior attacks as you move away!
The tengu warrior misses you. The tengu warrior pecks you.
* * * LOW HITPOINT WARNING * * *
The tengu warrior claws you but does no damage.
You hear some strange, mumbled words.
A swirling arc of seething chaos appears!
An arc of chaos appears from out of thin air!
The arc of chaos hits the tengu warrior. x2
You hear some strange, mumbled words.
A swirling arc of seething chaos appears!
An arc of chaos appears from out of thin air!
The arc of chaos hits the tengu warrior.
The arc of chaos hits you!
Something tries to affect you, but you resist.
The tengu warrior hits you with a +0 broad axe!
* * * LOW HITPOINT WARNING * * *
The tengu warrior pecks you but does no damage.
The tengu warrior barely misses you.
The tengu warrior attacks as you move away!
The tengu warrior hits you with a +0 broad axe!
You die...

#..#......#....... #..#
#..#......#....... ######..#
#..#......#....... #.......#
#..######'#....... #.......#
#................. #.......#
#...###'###......# #.......#
#...#.....#......#
#.......######.###.....###....#
#.............v#.........#....+
#.............Q###########....#
#......###+#........... ......
#......#...#{......###
#......#...'.......#
#....#+#...#.......#
#....#.....#......)#
#....#.....#.......#
#.....#.......#


You could see a tengu warrior.

Vanquished Creatures
  An unseen horror (D:11)
  Maggie (D:9)
  3 trolls
  A hornet (D:9)
  A wraith (D:11)
  2 vampires
  5 yaks (D:11)
  A wyvern (D:7)
  Menkaure (D:6)
  3 steam dragons
  2 vampire mosquitoes (D:10)
  An acid dragon (D:9)
  2 water moccasins
  A black bear (D:6)
  2 ice beasts (D:6)
  2 centaurs
  A wolf (D:10)
  Blork the orc (D:6)
  5 kobold brigands
  6 bullfrogs
  3 necrophages
  2 scorpions
  6 wights
  13 killer bees
  2 electric eels (D:10)
  7 howler monkeys
  6 jellies
  9 hounds
  A gnoll shaman (D:4)
  8 orc priests
  7 iguanas
  9 orc wizards
  5 gnolls
  9 adders
  2 shadow imps (D:7)
  A white imp (D:7)
  A worm (D:4)
  3 dart slugs
  19 orcs
  6 endoplasms
  4 giant cockroaches
  13 hobgoblins
  4 jackals (D:4)
  19 kobolds
  2 quokkas
  5 ball pythons
  3 bats
  4 frilled lizards
  9 goblins
  2 rats (D:1)
226 creatures vanquished.

Vanquished Creatures (others)
  A human (D:9)
  An orc wizard (D:9)
  A kobold (D:8)
  3 plants (D:2)
6 creatures vanquished.

Grand Total: 232 creatures vanquished

Notes
Turn   | Place    | Note
-------+----------+-------------------------------------------
     0 | D:1      | hquester1 the Minotaur Fighter began the quest for the Orb.
     0 | D:1      | Reached XP level 1. HP: 19/19 MP: 0/0
   264 | D:1      | Reached XP level 2. HP: 27/27 MP: 1/1
   555 | D:2      | Reached skill level 1 in Dodging
   618 | D:2      | Found a shimmering blue altar of Sif Muna.
   714 | D:2      | Reached XP level 3. HP: 33/33 MP: 2/2
   788 | D:2      | Found a faded altar of an unknown god.
  1230 | D:3      | Reached XP level 4. HP: 40/40 MP: 3/3
  1240 | D:3      | Found a sparkling altar of Nemelex Xobeh.
  1903 | D:4      | Found a large runed translucent door.
  1903 | D:4      | Found a large runed translucent door.
  2026 | D:4      | Noticed a necrophage
  2032 | D:4      | Killed a necrophage
  2033 | D:4      | Reached XP level 5. HP: 37/47 MP: 4/4
  2237 | D:4      | Found Mairchas's General Store.
  2240 | D:4      | Found Rariewa's Specific Store.
  2249 | D:4      | Bought a scroll of enchant weapon for 90 gold pieces
  2249 | D:4      | Bought a scroll of identify for 24 gold pieces
  2370 | D:4      | Found a hazy altar of Hepliaklqana.
  2458 | D:4      | Reached XP level 6. HP: 20/55 MP: 5/5
  2460 | D:4      | Found a large runed translucent door.
  2460 | D:4      | Found a large runed translucent door.
  2720 | D:4      | Reached skill level 5 in Armour
  2720 | D:4      | Reached skill level 5 in Shields
  2726 | D:4      | Reached skill level 5 in Fighting
  2838 | D:4      | Reached skill level 1 in Axes
  3016 | D:5      | Entered Level 5 of the Dungeon
  3042 | D:5      | Reached XP level 7. HP: 59/61 MP: 6/6
  3673 | D:6      | You fall into a shaft and drop 2 floors!
  3735 | D:8      | Reached XP level 8. HP: 62/70 MP: 7/7
  4067 | D:8      | Noticed a troll
  4104 | D:7      | Reached skill level 5 in Dodging
  4404 | D:6      | Reached skill level 5 in Axes
  4413 | D:6      | Reached XP level 9. HP: 74/79 MP: 8/8
  4460 | D:6      | Noticed Blork the orc
  4470 | D:6      | Killed Blork the orc
  4803 | D:6      | Noticed Menkaure
  5288 | D:6      | Killed Menkaure
  5751 | D:7      | Found a staircase to the Ecumenical Temple.
  5943 | D:7      | Found a glowing silver altar of Zin.
  5988 | Temple   | Entered the Ecumenical Temple
  6093 | Temple   | Became a worshipper of Warmaster Okawaru
  6663 | D:8      | Killed a troll
  6888 | D:9      | Reached XP level 10. HP: 83/90 MP: 9/9
  6919 | D:9      | Found an ancient bone altar of Kikubaaqudgha.
  7083 | D:9      | Reached * piety under Okawaru
  7091 | D:9      | Noticed Maggie
  7099 | D:9      | Killed Maggie
  7624 | D:9      | Paralysed by a hornet for 2 turns
  8214 | D:10     | Entered Level 10 of the Dungeon
  8216 | D:10     | Found an opulent altar of Gozag.
  8254 | D:10     | Reached skill level 1 in Invocations
  8259 | D:10     | Reached skill level 1 in Evocations
  8262 | D:10     | Reached ** piety under Okawaru
  8526 | D:10     | Found a staircase to the Lair.
  9009 | D:11     | Reached *** piety under Okawaru
  9370 | D:11     | Reached XP level 11. HP: 35/99 MP: 12/12
  9411 | D:11     | Noticed a tengu warrior
  9412 | D:11     | Noticed Psyche
  9442 | D:11     | Slain by a tengu warrior

Illustrated notes

Levels and vault maps discovered:
D:1:      mainiacjoe_arrival_reflecting_pool, layout_rooms
D:2:      layout_rooms, basic_altar, ebering_ecumenical_altar_abandoned,
          serial_bayou, serial_bayou_pond_b, serial_bayou_shore_a,
          serial_bayou_pond_e, serial_bayou_ford_a
D:3:      cheibrodos_greedy_goblins, layout_loops_ring,
          nemelex_xobeh_ov_fountains_minmay
D:4:      layout_gridville, marbit_many_paths, nicolae_specific_store,
          minmay_hollow_rounded_squares
D:5:      layout_cave_pools
D:6:      layout_basic, uniq_menkaure, uniq_blork_the_orc
D:7:      layout_basic, old_standard_altar, temple_pool_b
D:8:      layout_rooms
D:9:      layout_stronghold, tgw_kikubaaqudgha, uniq_maggie
D:10:     layout_roguey, mainiacjoe_overflow_paths, erik_lair_island,
          kennysheep_decorative_pillar
D:11:     layout_irregular_city, portal_ice_cave_demonic_guard, uniq_psyche
Temple:   minmay_crystal_spiral_temple

Skill      XL: |  1  2  3  4  5  6  7  8  9 10 |
---------------+-------------------------------+-----
Dodging        | 1 2 3 4 5 6 8 |  8.0
Fighting       | 4 5 6 7 8 9 |  9.6
Armour         | 4 5 6 7 8 9 |  9.5
Shields        | 4 5 6 7 8 9 |  9.6
Maces & Flails | 3 4 |  4.0
Axes           | 2 3 5 6 8 |  8.1
Invocations    | 2 |  2.8
Evocations     | 2 |  2.4

Action                   |  1- 3 |  4- 6 |  7- 9 | 10-12 || total
-------------------------+-------+-------+-------+-------++-------
Melee: Flail             |    57 |    67 |       |       ||   124
       Headbutt          |     7 |    16 |    36 |    30 ||    89
       War axe           |       |    35 |   207 |   150 ||   392
  Use: Scroll            |       |     5 |    11 |     1 ||    17
       Potion            |       |     1 |     1 |       ||     2
Armor: Scale mail        |    28 |    29 |       |       ||    57
       Chain mail        |       |     8 |    97 |    86 ||   191
       Skin              |       |       |       |     5 ||     5
Dodge: Dodged            |    28 |    55 |    79 |    64 ||   226
Block: Buckler           |    13 |    58 |   102 |    85 ||   258
       Reflection        |       |       |     6 |     2 ||     8

Table legend: (Time is in decaauts)
 A = Elapsed time spent in this place.
 B = Non-inter-level travel time spent in this place.
 C = Inter-level travel time spent in this place.
 D = Time resting spent in this place.
 E = Time spent auto-exploring this place.
 F = Levels seen in this place.
 G = Mean time per level.
                   A        B        C        D        E       F      G
               +--------+--------+--------+--------+--------+-----+--------+
         Total |   9613 |   9211 |    402 |   1543 |   5729 |  12 |  801.1 |
       Dungeon |   9401 |   9083 |    318 |   1543 |   5619 |  11 |  854.6 |
        Temple |    211 |    127 |     84 |      0 |    110 |   1 |  211.0 |
               +--------+--------+--------+--------+--------+-----+--------+

Top non-repeatable levels by time:
     D:9: 1384 daAuts
     D:4: 1128 daAuts
     D:5: 1069 daAuts
     D:7: 1013 daAuts
     D:6: 830 daAuts
    D:10: 788 daAuts
     D:8: 757 daAuts
     D:3: 716 daAuts
     D:2: 679 daAuts
     D:1: 557 daAuts
    D:11: 474 daAuts
  Temple: 211 daAuts
